PAAA
FLORIDA MEN @ BLOOMINGTON LONGNECKS
06/03/2034
 
TOP OF THE 1ST
Florida Men batting - Pitching for Bloomington Longnecks : RHP John Walton
Pitching: RHP John Walton
Batting: LHB Jim Halpert 0-0: Foul Ball, location: 2F
0-1: SINGLE (Line Drive, 89M)
Batting: RHB Todd Sentell 0-0: SINGLE (Groundball, 34D)
Jim Halpert to second
Runner from 2nd tries for 3rd, SAFE, no throw
Batting: LHB Bastyão Lizardo 0-0: Fly out, F5 (Popup, 5SF)
Batting: RHB Jorge Díaz 0-0: Foul Ball, location: 2F
0-1: Ball
1-1: Ball
2-1: Ball
3-1: Grounds into double play, 4-6-3 (Groundball, 4)
Top of the 1st over - 0 runs, 2 hits, 0 errors, 1 left on base; Florida 0 - Bloomington 0
BOTTOM OF THE 1ST
Bloomington Longnecks batting - Pitching for Florida Men : RHP Arturo Guerrero
Pitching: RHP Arturo Guerrero
Batting: SHB Benedict Patel 0-0: Called Strike
0-1: Ball
1-1: Foul Ball, location: 2F
1-2: Strikes out swinging
Batting: RHB Yu-shu Tseng 0-0: Ball
1-0: Ball
2-0: Called Strike
2-1: Ball
3-1: Base on Balls
Batting: RHB Carlos Cardona 0-0: Ball
1-0: Called Strike
1-1: Called Strike
Yu-shu Tseng is caught stealing 2nd base
1-2: Strikes out swinging
Bottom of the 1st over - 0 runs, 0 hits, 0 errors, 0 left on base; Florida 0 - Bloomington 0
TOP OF THE 2ND
Florida Men batting - Pitching for Bloomington Longnecks : RHP John Walton
Batting: RHB Vojtech Farkas 0-0: Ball
1-0: Foul Ball, location: 2F
1-1: SINGLE (Line Drive, 89S)
Batting: RHB Jur Prokop 0-0: Called Strike
0-1: Swinging Strike
0-2: Ball
1-2: Strikes out swinging
Batting: SHB Henrique de Senna Fernandes 0-0: Ball
1-0: Ground out 5-3 (Groundball, 56S)
Vojtech Farkas to second
Batting: RHB Henry Lambright 0-0: Called Strike
0-1: Ball
1-1: Swinging Strike
1-2: Ball
2-2: Foul Ball, location: 2F
2-2: Strikes out swinging
Top of the 2nd over - 0 runs, 1 hit, 0 errors, 1 left on base; Florida 0 - Bloomington 0
BOTTOM OF THE 2ND
Bloomington Longnecks batting - Pitching for Florida Men : RHP Arturo Guerrero
Batting: RHB Miguel Elías 0-0: Called Strike
0-1: SOLO HOME RUN (Flyball, 7LD), Distance : 360 ft
Batting: LHB Marshall Willis 0-0: SINGLE (Line Drive, 7S)
Batting: RHB Toussiant L'Ouverture 0-0: Ball
1-0: Swinging Strike
1-1: Foul Ball, location: 2F
1-2: Strikes out swinging
Batting: RHB Sébastien Bernard 0-0: Called Strike
0-1: Swinging Strike
0-2: Foul Ball, location: 2F
0-2: Foul Ball, location: 2F
0-2: Ball
1-2: Ground out 6-3 (Groundball, 56D)
Marshall Willis to second
Batting: RHB Fletcher Megarity 0-0: Called Strike
0-1: Ball
1-1: Foul Ball, location: 2F
1-2: Ground out 4-3 (Groundball, 4)
Bottom of the 2nd over - 1 run, 2 hits, 0 errors, 1 left on base; Florida 0 - Bloomington 1
TOP OF THE 3RD
Florida Men batting - Pitching for Bloomington Longnecks : RHP John Walton
Batting: RHB José Córdova 0-0: Called Strike
0-1: Called Strike
0-2: Ball
1-2: Strikes out looking
Batting: LHB Jim Halpert 0-0: Ball
1-0: Ground out 5-3 (Groundball, 5)
Batting: RHB Todd Sentell 0-0: Ball
1-0: Ball
2-0: Called Strike
2-1: Foul Ball, location: 2F
2-2: Foul Ball, location: 2F
2-2: Ground out 1-3 (Groundball, 13)
Top of the 3rd over - 0 runs, 0 hits, 0 errors, 0 left on base; Florida 0 - Bloomington 1
BOTTOM OF THE 3RD
Bloomington Longnecks batting - Pitching for Florida Men : RHP Arturo Guerrero
Batting: RHB Eun-bum Kim 0-0: Ball
1-0: Ground out 4-3 (Groundball, 4)
Batting: SHB Benedict Patel 0-0: Ball
1-0: Ball
2-0: Foul Ball, location: 2F
2-1: Ball
3-1: Base on Balls
Batting: RHB Yu-shu Tseng 0-0: Called Strike
0-1: Foul Ball, location: 2F
0-2: Ball
1-2: Strikes out swinging
Batting: RHB Carlos Cardona 0-0: Ball
Benedict Patel steals 2nd base
1-0: Ball
2-0: Foul Ball, location: 2F
2-1: Foul Ball, location: 2F
2-2: Fly out, F7 (Flyball, 7LM)
Bottom of the 3rd over - 0 runs, 0 hits, 0 errors, 1 left on base; Florida 0 - Bloomington 1
TOP OF THE 4TH
Florida Men batting - Pitching for Bloomington Longnecks : RHP John Walton
Batting: LHB Bastyão Lizardo 0-0: Swinging Strike
0-1: Ball
1-1: Foul Ball, location: 2F
1-2: Ball
2-2: Fly out, F8 (Line Drive, 8RM)
Batting: RHB Jorge Díaz 0-0: Swinging Strike
0-1: SOLO HOME RUN (Flyball, 7D), Distance : 397 ft
Batting: RHB Vojtech Farkas 0-0: Ball
1-0: Foul Ball, location: 2F
1-1: Ball
2-1: Ball
3-1: Base on Balls
Batting: RHB Jur Prokop 0-0: Called Strike
0-1: Swinging Strike
0-2: Ball
1-2: Strikes out swinging
Batting: SHB Henrique de Senna Fernandes 0-0: Foul Ball, location: 2F
0-1: Ball
1-1: Ball
2-1: Ball
3-1: SINGLE (Groundball, 4D)
Vojtech Farkas to second
Runner from 2nd tries for 3rd, SAFE, no throw
Batting: RHB Henry Lambright 0-0: Ball
1-0: Foul Ball, location: 2F
1-1: Foul Ball, location: 2F
1-2: Ball
2-2: Strikes out swinging
Top of the 4th over - 1 run, 2 hits, 0 errors, 2 left on base; Florida 1 - Bloomington 1
BOTTOM OF THE 4TH
Bloomington Longnecks batting - Pitching for Florida Men : RHP Arturo Guerrero
Batting: RHB Miguel Elías 0-0: Ball
1-0: Ball
2-0: Called Strike
2-1: Called Strike
2-2: Ball
3-2: Foul Ball, location: 2F
3-2: Base on Balls
Batting: LHB Marshall Willis 0-0: Ball
1-0: Called Strike
1-1: Called Strike
1-2: Ball
2-2: Ground out 4-3 (Groundball, 4MD)
Miguel Elías to second
Batting: RHB Toussiant L'Ouverture 0-0: Ball
1-0: Foul Ball, location: 2F
1-1: Foul Ball, location: 2F
1-2: Strikes out swinging
Batting: RHB Sébastien Bernard 0-0: Called Strike
0-1: Ball
1-1: Ball
2-1: Ball
3-1: Foul Ball, location: 2F
3-2: Fly out, F6 (Flyball, 6MD)
Bottom of the 4th over - 0 runs, 0 hits, 0 errors, 1 left on base; Florida 1 - Bloomington 1
TOP OF THE 5TH
Florida Men batting - Pitching for Bloomington Longnecks : RHP John Walton
Batting: RHB José Córdova 0-0: Ball
1-0: Foul Ball, location: 2F
1-1: Ground out 6-3 (Groundball, 56)
Batting: LHB Jim Halpert 0-0: Foul Ball, location: 2F
0-1: Swinging Strike
0-2: Ground out U3 (Groundball, 3)
Batting: RHB Todd Sentell 0-0: Ball
1-0: Fly out, F4 (Line Drive, 4M)
Top of the 5th over - 0 runs, 0 hits, 0 errors, 0 left on base; Florida 1 - Bloomington 1
BOTTOM OF THE 5TH
Bloomington Longnecks batting - Pitching for Florida Men : RHP Arturo Guerrero
Batting: RHB Fletcher Megarity 0-0: Called Strike
0-1: Swinging Strike
0-2: Ball
1-2: Strikes out swinging
Batting: RHB Eun-bum Kim 0-0: Called Strike
0-1: Ball
1-1: Foul Ball, location: 2F
1-2: Strikes out swinging
Batting: SHB Benedict Patel 0-0: DOUBLE (Line Drive, 7LS)
Batting: RHB Yu-shu Tseng 0-0: Ball
1-0: Ball
2-0: Called Strike
2-1: Swinging Strike
2-2: Strikes out swinging
Bottom of the 5th over - 0 runs, 1 hit, 0 errors, 1 left on base; Florida 1 - Bloomington 1
TOP OF THE 6TH
Florida Men batting - Pitching for Bloomington Longnecks : RHP John Walton
Batting: LHB Bastyão Lizardo 0-0: Ball
1-0: Foul Ball, location: 2F
1-1: Foul Ball, location: 2F
1-2: Foul Ball, location: 2F
1-2: Ball
2-2: Strikes out looking
Batting: RHB Jorge Díaz 0-0: Foul Ball, location: 2F
0-1: Called Strike
0-2: Ball
1-2: Ball
2-2: Ball
3-2: Fly out, F7 (Flyball, 78S)
Batting: RHB Vojtech Farkas 0-0: Ball
1-0: Called Strike
1-1: Ball
2-1: Ball
3-1: Called Strike
3-2: Base on Balls
Batting: RHB Jur Prokop 0-0: Ball
1-0: Called Strike
1-1: Called Strike
1-2: Fly out, F5 (Popup, 5SF)
Top of the 6th over - 0 runs, 0 hits, 0 errors, 1 left on base; Florida 1 - Bloomington 1
BOTTOM OF THE 6TH
Bloomington Longnecks batting - Pitching for Florida Men : RHP Arturo Guerrero
Batting: RHB Carlos Cardona 0-0: Ground out 6-3 (Groundball, 6M)
Batting: RHB Miguel Elías 0-0: Foul Ball, location: 2F
0-1: SINGLE (Flyball, 8LS)
Batting: LHB Marshall Willis 0-0: Ball
1-0: Called Strike
1-1: Ball
2-1: Foul Ball, location: 2F
2-2: Foul Ball, location: 2F
2-2: Ball
3-2: Base on Balls
Miguel Elías to second
Batting: RHB Toussiant L'Ouverture 0-0: Ball
1-0: Called Strike
1-1: Swinging Strike
1-2: Strikes out swinging
Batting: RHB Sébastien Bernard 0-0: Called Strike
0-1: Called Strike
0-2: Fly out, F7 (Flyball, 7S)
Bottom of the 6th over - 0 runs, 1 hit, 0 errors, 2 left on base; Florida 1 - Bloomington 1
TOP OF THE 7TH
Florida Men batting - Pitching for Bloomington Longnecks : RHP John Walton
Pitching: RHP Dermot Eridge
Batting: SHB Henrique de Senna Fernandes 0-0: Swinging Strike
0-1: Ground out 3-1 (Groundball, 34S)
Batting: RHB Henry Lambright 0-0: Ball
1-0: Called Strike
1-1: Ball
2-1: Called Strike
2-2: Foul Ball, location: 2F
2-2: Fly out, F4 (Popup, 4)
Batting: RHB José Córdova 0-0: Foul Ball, location: 2F
0-1: Ball
1-1: Foul Ball, location: 2F
1-2: Ball
2-2: Ball
3-2: Ground out U3 (Groundball, 34S)
Top of the 7th over - 0 runs, 0 hits, 0 errors, 0 left on base; Florida 1 - Bloomington 1
BOTTOM OF THE 7TH
Bloomington Longnecks batting - Pitching for Florida Men : RHP Arturo Guerrero
Batting: RHB Fletcher Megarity 0-0: Fly out, F9 (Line Drive, 9LM)
Batting: RHB Eun-bum Kim 0-0: Ball
1-0: Foul Ball, location: 2F
1-1: Ball
2-1: Ball
3-1: Swinging Strike
3-2: Base on Balls
Batting: SHB Benedict Patel 0-0: Called Strike
0-1: Foul Ball, location: 2F
0-2: Ball
1-2: Foul Ball, location: 2F
1-2: Foul Ball, location: 2F
1-2: Foul Ball, location: 2F
1-2: Foul Ball, location: 2F
1-2: DOUBLE (Groundball, 3L)
Eun-bum Kim to third
Eun-bum Kim scores
Batting: RHB Yu-shu Tseng 0-0: Ball
1-0: Ball
2-0: Swinging Strike
2-1: Ball
3-1: Called Strike
3-2: TRIPLE (Flyball, 9LD)
Benedict Patel scores
Batting: RHB Carlos Cardona 0-0: Called Strike
0-1: Ball
1-1: Ball
2-1: Ball
3-1: Foul Ball, location: 2F
3-2: Base on Balls
Pitching: RHP Tadayoshi Tanaka
Batting: RHB Miguel Elías 0-0: Ball
1-0: Swinging Strike
1-1: Ball
2-1: Ball
3-1: Base on Balls
Carlos Cardona to second
Batting: LHB Marshall Willis 0-0: Ball
1-0: Ball
2-0: Called Strike
2-1: Swinging Strike
2-2: Foul Ball, location: 2F
2-2: Foul Ball, location: 2F
2-2: Strikes out looking
Batting: RHB Toussiant L'Ouverture 0-0: Called Strike
0-1: Ball
1-1: Ball
2-1: Ball
3-1: Ground out 4-3 (Groundball, 4)
Bottom of the 7th over - 2 runs, 2 hits, 0 errors, 3 left on base; Florida 1 - Bloomington 3
TOP OF THE 8TH
Florida Men batting - Pitching for Bloomington Longnecks : RHP Dermot Eridge
Batting: LHB Jim Halpert 0-0: Ground out U3 (Groundball, 3)
Batting: RHB Todd Sentell 0-0: Ball
1-0: Foul Ball, location: 2F
1-1: Ground out 4-3 (Groundball, 4)
Batting: LHB Bastyão Lizardo 0-0: DOUBLE (Groundball, 3L)
Batting: RHB Jorge Díaz 0-0: Foul Ball, location: 2F
0-1: Hit by Pitch
Pinch Runner at 2nd Bob Phillips:
Batting: RHB Vojtech Farkas 0-0: Ball
1-0: DOUBLE (Line Drive, 5D)
Bob Phillips scores
Jorge Díaz to third
Runner from 3rd tries for Home, SAFE, no throw
Batting: RHB Jur Prokop 0-0: Ball
1-0: Fly out, F7 (Flyball, 7)
Top of the 8th over - 2 runs, 2 hits, 0 errors, 1 left on base; Florida 3 - Bloomington 3
BOTTOM OF THE 8TH
Bloomington Longnecks batting - Pitching for Florida Men : RHP Tadayoshi Tanaka
Now in RF: Bob Phillips
Pinch Hitting: LHB Daniel Faraday 0-0: Called Strike
0-1: Called Strike
0-2: Ball
1-2: Strikes out swinging
Batting: RHB Fletcher Megarity 0-0: Called Strike
0-1: Called Strike
0-2: Fly out, F9 (Flyball, 89D)
Batting: RHB Eun-bum Kim 0-0: Called Strike
0-1: Ball
1-1: Foul Ball, location: 2F
1-2: Foul Ball, location: 2F
1-2: Foul Ball, location: 2F
1-2: Foul Ball, location: 2F
1-2: DOUBLE (Flyball, 8RXD)
Batting: SHB Benedict Patel 0-0: Foul Ball, location: 2F
0-1: Ball
1-1: 2-RUN HOME RUN (Flyball, 89XD), Distance : 386 ft
Pitching: RHP Wong Fei-Hung
Batting: RHB Yu-shu Tseng 0-0: Fly out, F9 (Flyball, 9LSF)
Bottom of the 8th over - 2 runs, 2 hits, 0 errors, 0 left on base; Florida 3 - Bloomington 5
TOP OF THE 9TH
Florida Men batting - Pitching for Bloomington Longnecks : RHP Dermot Eridge
Pitching: RHP Mark Zaugg
Now in LF: Daniel Faraday
Batting: SHB Henrique de Senna Fernandes 0-0: Ball
1-0: Ground out 6-3 (Groundball, 56)
Batting: RHB Henry Lambright 0-0: Ball
1-0: Swinging Strike
1-1: Ground out 6-3 (Groundball, 6)
Batting: RHB José Córdova 0-0: Called Strike
0-1: Foul Ball, location: 2F
0-2: Strikes out swinging
Top of the 9th over - 0 runs, 0 hits, 0 errors, 0 left on base; Florida 3 - Bloomington 5
Friday, March 29th, 2019 - OOTP Baseball 18.8 Build 76